 Dungeon Crawl Stone Soup version 0.21-a0-621-gc60411f (webtiles) character file.

25 ricardofg the Magician (level 3, 19/19 HPs)
             Began as a Gargoyle Wizard on Dec 23, 2017.
             Got out of the dungeon alive.
             The game lasted 00:05:01 (1426 turns).

ricardofg the Magician (Gargoyle Wizard)            Turns: 1426, Time: 00:05:01

Health: 19/19      AC:  5    Str: 10    XL:     3   Next: 6%
Magic:  8/8        EV: 12    Int: 19    God:
Gold:   111        SH:  0    Dex:  8    Spells: 8/9 levels left

rFire    . . .     SeeInvis .   f - +0 short sword
rCold    . . .     Gourm    .   (no shield)
rNeg     + . .     Faith    .   a - +0 robe
rPois    ∞         Spirit   .   b - +0 hat
rElec    +         Reflect  .   (no cloak)
rCorr    .         Harm     .   (no gloves)
MR       .....                  (no boots)
Stlth    ++........             (no amulet)
HPRegen  0.06/turn              (no ring)
MPRegen  0.11/turn              (no ring)

@: no status effects
A: negative energy resistance 1, electricity resistance, unbreathing,
petrification resistance, rot immunity, AC +3
a: no special abilities


You escaped.
You were not hungry.

You visited 1 branch of the dungeon, and saw 2 of its levels.

You collected 111 gold pieces.

Inventory:

Hand Weapons
 f - a +0 short sword (weapon)
Armour
 a - a +0 robe (worn)
 b - a +0 hat (worn)
 l - a +0 helmet
Scrolls
 e - 3 scrolls of identify {unknown}
 m - a scroll of immolation {unknown}
 n - a scroll of blinking {unknown}
Potions
 g - 2 potions of lignification {unknown}
 h - a potion of might {unknown}
 j - a potion of flight {unknown}
 k - a potion of heal wounds {unknown}
 o - a potion of curing {unknown}
Books
 c - a book of Minor Magic

   Spells                             Type                      Level
   a - Magic Dart                     Conjuration                  1
   b - Blink                          Translocation                2
   c - Call Imp                       Summoning                    2
   d - Slow                           Hexes                        2
   e - Conjure Flame                  Conjuration/Fire             3
   f - Mephitic Cloud                 Conjuration/Poison/Air       3
Comestibles
 d - 2 rations
 i - 2 chunks of flesh


   Skills:
 + Level 0.2 Short Blades
 + Level 1.8 Dodging
 + Level 2.3 Stealth
 + Level 3.6 Spellcasting
 + Level 1.4 Conjurations
   Level 0.8 Summonings
   Level 0.8 Translocations


You had 8 spell levels left.
You knew the following spells:

 Your Spells              Type           Power        Failure   Level  Hunger
a - Magic Dart            Conj           #...         9%          1    None


Dungeon Overview and Level Annotations

Branches:
Dungeon (2/15)

Altars:


Innate Abilities, Weirdness & Mutations

You are resistant to torment.
Your stone body is resilient. (AC +3)
You are immune to poison.
You resist negative energy. (rN+)
You are resistant to electric shocks. (rElec)
You can survive without breathing.
You are immune to petrification.
You are immune to rotting.


Message History

You barely miss the goblin. The goblin misses you.
You hit the goblin.
You kill the goblin!
No target in view!
Things that are here:
a club; a goblin corpse You butcher the goblin corpse.
i - 3 chunks of flesh (gained 2)
You see here a club.
Okay, then.
(D) Dungeon
Where to? (Enter - D:2, ? - help) Eating one of 3 chunks of flesh.
You eat one of the 3 chunks of flesh.
This raw flesh tastes terrible.
There is a stone staircase leading up here.
You climb upwards.
There is a stone staircase leading down here.
There is a staircase leading out of the dungeon here.
Are you sure you want to leave the Dungeon?
This will make you lose the game!
You have escaped!

###########.#####.#.##.####......
# #.# #.#.##.......#... # #.#
##.#.#######..#... # #.# ##.#..#
#..###. # ########.###..##.##
#..# #. # #..........)#.###.#
#..# #.
#.#####.##▓.....▓#######..# #.
#.# #.# ▓▓...▓▓▓.......)#### #.#
#.▓ ▓▓@▓▓ ▓▓#####...... #.# #▓▓
▓▓▓ #.###.. #.# ###.###..
###.###▓▓ ▓▓........ #.......▓▓
▓▓..#####.. #.####...▓▓ ▓▓...#
#.. #.# #....▓ ▓....# ### #.#
##..▓▓ ▓▓..## # #.# #.▓▓ ▓▓.# #


There were no monsters in sight!

Vanquished Creatures
  A leopard gecko (D:1)
  3 giant cockroaches (D:1)
  2 goblins
  3 hobgoblins (D:1)
  5 bats
  3 frilled lizards (D:1)
  4 kobolds (D:1)
  2 rats
23 creatures vanquished.

Notes
Turn   | Place    | Note
-------+----------+-------------------------------------------
     0 | D:1      | ricardofg the Gargoyle Wizard began the quest for the Orb.
     0 | D:1      | Reached XP level 1. HP: 10/10 MP: 4/4
   480 | D:1      | Reached XP level 2. HP: 15/15 MP: 6/6
  1359 | D:2      | Reached XP level 3. HP: 19/19 MP: 8/8
  1426 | D:$      | Got out of the dungeon alive.

Vault maps used:
D:1:      evilmike_arrival_sounds_zot
D:2:      wad_lake_hut, lemuel_coloured_pillars_altar,
          chequers_ecumenical_altar_lobes

Action                   || total
-------------------------++-------
Melee: Unarmed           ||    16
       Short sword       ||    77
 Cast: Magic Dart        ||     9
 Stab: Sleeping          ||     2
  Eat: Chunk             ||     2
Armor: Robe              ||    42
Dodge: Dodged            ||    60

Table legend:
 A = Spawn XP
 B = Non-spawn XP
 C = Spawn XP percentage of total XP
 D = Spawn monster count
 E = Non-spawn monster count
 F = Spawn count percentage of total count
 G = Total turns spent on level
                    A         B        C        D         E        F      G
               +---------+---------+-------+---------+---------+-------+---------
         Total |       0 |      37 |   0.0 |       0 |      23 |   0.0 |  1426
               +---------+---------+-------+---------+---------+-------+---------
           D:1 |       0 |      33 |   0.0 |       0 |      20 |   0.0 |  1402
           D:2 |       0 |       4 |   0.0 |       0 |       3 |   0.0 |    24
               +---------+---------+-------+---------+---------+-------+---------
